Map: Ever Dream LE

Players

Massa - Winner!

  • Race: Terran Terran
  • League: Gold
  • Spawn Location: 1:00

Deadbolt

  • Race: Zerg Zerg
  • League: Gold
  • Spawn Location: 7:00

VOD

Have the link to the VOD?

Description

Time

  • Played on: July 7, 2020, 1:06 p.m.
  • Length: 17:22
Show
View Real Time Build Order
Export as new Build Order

Massa Terran - Winner!

Build Orders:  

Get SALT Encoding   

  12  0:02  SCV  
  13  0:16  Supply Depot  
  13  0:18  SCV  
  14  0:27  Refinery  
  14  0:30  SCV  
  15  0:41  Barracks  
  15  0:46  SCV  
  16  0:55  Supply Depot  
  16  1:01  SCV  
  17  1:13  SCV  
  18  1:29  Orbital Command  
  18  1:31  Reaper  
  19  2:03  Reaper  
  19  2:07  SCV  
  21  2:19  Command Center  
  21  2:20  SCV  
  22  2:23  Barracks  
  22  2:35  Reaper  
  23  2:58  SCV  
  24  3:05  Bunker  
  24  3:07  Marine  
  24  3:10  SCV  
  26  3:14  Barracks Tech Lab  
  26  3:22  SCV  
  26  3:25  Marine  
  28  3:34  SCV  
  28  3:43  Marine  
  28  3:46  SCV  
  29  4:01  Marine, Stimpack  
  30  4:09  Factory  
  30  4:13  Barracks  
  30  4:17  Engineering Bay  
  30  4:23  Supply Depot  
  30  4:31  Marauder, Command Center  
  32  4:37  Orbital Command  
  32  4:39  SCV  
  32  4:40  Barracks Tech Lab  
  33  4:52  Marauder  
  35  5:00  Factory Tech Lab  
  35  5:02  Starport  
  35  5:07  Barracks Reactor  
  35  5:11  SCV x2  
  35  5:12  Refinery  
  35  5:14  Marauder  
  39  5:17  Refinery  
  39  5:23  SCV x2  
  39  5:25  Concussive Shells  
  41  5:35  SCV, Marauder  
  44  5:41  SCV  
  45  5:47  SCV  
  45  5:53  SCV  
  45  5:54  Terran Infantry Weapons Level 1  
  46  6:06  Widow Mine  
  46  6:08  Marine x2  
  42  6:14  Marauder  
  39  6:26  Marine x2  
  39  6:27  Widow Mine  
  43  6:35  Marauder  
  43  6:38  Planetary Fortress  
  45  6:40  SCV x2  
  45  6:44  Marine x2  
  49  6:48  Widow Mine, Medivac  
  49  6:52  SCV x2  
  55  6:56  Marauder  
  57  7:01  Marine  
  57  7:02  Marine  
  57  7:04  SCV x2  
  57  7:06  Marauder  
  63  7:16  SCV x2  
  63  7:18  Marauder  
  63  7:19  Marine  
  63  7:20  Marine  
  69  7:31  Supply Depot  
  69  7:33  Supply Depot  
  69  7:34  Supply Depot x2  
  69  7:48  Terran Infantry Armor Level 1  
  69  7:52  SCV x3, Marauder, Siege Tank  
  69  7:54  Marine x2, Combat Shield  
  69  7:55  Marauder  
  69  7:57  Supply Depot  
  81  7:58  Supply Depot  
  81  8:00  Supply Depot x2  
  81  8:04  SCV x3  
  84  8:12  Marine x2  
  86  8:14  Marauder  
  86  8:16  SCV x3, Marauder  
  93  8:21  Barracks  
  93  8:22  Supply Depot  
  93  8:26  Medivac  
  95  8:30  Reaper, Marine  
  97  8:35  Marauder, Missile Turret  
  97  8:37  Marauder  
  97  8:38  Missile Turret  
  101  8:45  Missile Turret  
  101  8:47  Refinery, Marine  
  102  8:50  Missile Turret  
  102  8:55  Sensor Tower  
  102  8:57  Marauder  
  102  9:01  Missile Turret  
  104  9:04  Missile Turret  
  104  9:06  Missile Turret  
  104  9:07  SCV x3  
  104  9:09  Missile Turret  
  107  9:19  SCV x2  
  107  9:20  SCV  
  107  9:22  Barracks Tech Lab  
  107  9:23  Sensor Tower  
  110  9:27  Missile Turret  
  110  9:29  Armory, Missile Turret  
  110  9:31  SCV x2  
  110  9:32  SCV  
  110  9:36  Engineering Bay  
  113  9:43  SCV  
  113  9:44  SCV x2  
  116  9:55  SCV  
  116  10:01  Sensor Tower  
  116  10:06  Siege Tank  
  119  10:11  Medivac  
  121  10:16  Terran Infantry Weapons Level 2  
  121  10:38  Siege Tank  
  121  10:41  Command Center, Viking  
  116  11:11  Widow Mine, Viking  
  115  11:21  Missile Turret  
  115  11:23  Missile Turret  
  115  11:24  Missile Turret  
  115  11:25  Missile Turret  
  115  11:32  Widow Mine  
  117  11:35  Missile Turret  
  117  11:54  Widow Mine  
  119  11:56  Missile Turret  
  119  12:13  Orbital Command  
  119  12:14  SCV x3  
  119  12:15  Widow Mine  
  124  12:17  Missile Turret  
  124  12:26  SCV x3  
  127  12:32  Factory  
  127  12:36  Thor  
  133  12:38  SCV  
  133  12:39  SCV x2  
  136  12:50  SCV  
  136  12:51  SCV x2  
  139  12:57  Terran Vehicle Weapons Level 1  
  139  12:58  Terran Infantry Armor Level 2  
  139  12:59  Terran Infantry Weapons Level 3  
  139  13:02  SCV  
  139  13:04  SCV  
  139  13:05  SCV  
  139  13:09  Missile Turret  
  139  13:10  Missile Turret  
  139  13:11  Missile Turret  
  127  13:36  Marine  
  127  13:37  Widow Mine  
  127  13:39  Marine x2  
  125  13:42  Marine, Command Center  
  125  13:43  Marine  
  125  13:49  Supply Depot x2  
  125  13:53  Factory Reactor  
  124  14:11  Marine x2  
  124  14:12  Supply Depot  
  124  14:13  Supply Depot  
  124  14:14  Marine  
  126  14:22  Widow Mine  
  126  14:31  Marine  
  126  14:33  Marine  
  126  14:34  Marine x2  
  126  14:36  Supply Depot x2  
  125  14:39  Widow Mine x2  
  125  14:44  Widow Mine  
  131  14:49  Marine  
  131  14:51  Marine  
  131  14:52  Marine x2  
  129  15:00  Widow Mine x2  
  129  15:06  Marine  
  132  15:09  Marine  
  132  15:10  Marauder, Marine  
  135  15:17  Orbital Command  
  135  15:21  SCV  
  135  15:22  SCV  
  135  15:24  Marine  
  135  15:27  Marine  
  135  15:32  Marauder  
  135  15:33  SCV  
  135  15:34  SCV  
  139  15:36  Command Center  
  139  15:45  Widow Mine x2, SCV  
  139  15:46  SCV  
  139  15:47  Marine x2  
  148  15:53  Barracks Tech Lab, Marauder  
  149  15:58  SCV x2  
  151  16:05  Marine x2  
  151  16:06  Widow Mine x2  
  151  16:10  SCV x2  
  159  16:14  Marauder  
  158  16:20  Missile Turret x2  
  158  16:22  Missile Turret  
  158  16:23  Marine x2, Missile Turret  
  158  16:27  Widow Mine  
  158  16:28  Widow Mine  
  162  16:36  Marauder  
  164  16:40  Marine  
  164  16:41  Marine  
  158  16:49  Widow Mine x2  
  158  16:55  Marauder  
  158  16:57  Marauder  
  158  16:58  Marine  
  158  16:59  Marine  
Show
View Real Time Build Order
Export as new Build Order

Deadbolt Zerg 

Build Orders: Hatch First 

Get SALT Encoding   

  12  0:01  Drone  
  13  0:09  Drone  
  14  0:17  Overlord  
  14  0:28  Extractor, Drone  
  15  0:49  Hatchery  
  14  0:51  Drone  
  14  0:54  Drone  
  16  0:58  Drone  
  16  1:03  Drone  
  18  1:17  Spawning Pool  
  17  1:20  Drone  
  17  1:25  Drone  
  19  1:35  Overlord  
  19  2:05  Queen  
  19  2:06  Drone  
  22  2:13  Zergling x6  
  25  2:17  Queen  
  25  2:20  Drone  
  28  2:29  Zergling x2  
  27  2:47  Queen  
  27  2:48  Zergling x2  
  29  3:00  Extractor  
  28  3:06  Extractor  
  27  3:15  Extractor  
  27  3:18  Drone x3  
  29  3:20  Queen  
  30  4:06  Overlord  
  30  4:15  Drone x3  
  33  4:31  Hatchery  
  32  4:38  Extractor  
  32  4:42  Evolution Chamber  
  30  4:53  Zergling x8  
  30  4:54  Zergling x10  
  39  5:02  Zergling x8  
  39  5:06  Overlord x2  
  43  5:14  Metabolic Boost  
  43  5:19  Zerg Melee Weapons Level 1  
  43  5:34  Drone x3  
  46  5:40  Lair  
  46  5:44  Drone x6  
  36  6:27  Zergling x6  
  36  6:28  Zergling x6  
  36  6:30  Drone x3  
  45  6:33  Queen  
  45  6:36  Zergling x2  
  45  6:37  Zergling x6  
  51  6:46  Spire  
  50  6:49  Drone  
  51  6:59  Drone x2  
  51  7:01  Drone  
  54  7:15  Drone x2  
  50  7:22  Roach Warren  
  49  7:25  Zergling x6  
  49  7:26  Zergling x4  
  54  7:34  Zergling x2  
  55  7:39  Zerg Missile Weapons Level 1  
  55  7:56  Extractor  
  54  8:02  Zerg Flyer Weapons Level 1  
  54  8:05  Mutalisk x2  
  54  8:06  Mutalisk x4  
  54  8:11  Overlord x3  
  66  8:40  Mutalisk x4  
  74  8:46  Extractor  
  74  8:47  Drone x7  
  80  8:53  Mutalisk x3  
  86  9:04  Spine Crawler  
  86  9:05  Drone x4  
  89  9:13  Overlord x2  
  89  9:39  Spire  
  89  9:42  Mutalisk  
  89  9:43  Mutalisk x4  
  98  10:15  Zerg Flyer Armor Level 1  
  98  10:17  Mutalisk x2  
  98  10:18  Mutalisk x2  
  94  11:29  Zerg Flyer Weapons Level 2  
  94  11:30  Mutalisk x5  
  94  11:31  Mutalisk  
  106  11:38  Overlord x4  
  106  11:44  Spine Crawler  
  105  11:47  Spine Crawler  
  105  11:51  Mutalisk  
  106  12:10  Hatchery, Hydralisk Den  
  106  12:13  Mutalisk x6  
  116  12:27  Drone x5  
  116  12:28  Drone  
  122  12:33  Zergling x4  
  122  12:34  Zergling x12  
  130  12:52  Overlord x5  
  97  14:08  Roach  
  97  14:09  Roach x2  
  98  14:13  Roach x5  
  98  14:15  Zergling x2  
  98  14:16  Zergling x4  
  83  14:43  Roach  
  83  14:44  Roach x2  
  69  14:54  Mutalisk x5  
  69  14:59  Roach  
  69  15:17  Mutalisk x2  
  70  15:48  Mutalisk x4  
  72  16:02  Mutalisk  
  72  16:03  Mutalisk x2  
  75  16:08  Spine Crawler  
  44  16:53  Drone x3  
Tags
 
League
GoldGold
Matchup
TvZ
Replay Pack
Multiplayer
Spawn Locations
Cross Positions
Add a new tag
Caveats
  • Supply blocks, unpowered buildings, or Contaminate may cause inaccurate times.
  • Supply counts are checked every 10 seconds.